 Dungeon Crawl Stone Soup version 0.20.1-1-g8b1a95d (webtiles) character file.

46 slep the Skirmisher (level 3, -2/29 HPs)
             Began as a Demonspawn Abyssal Knight on Oct 28, 2017.
             Was a Believer of Lugonu.
             Slain by a worm (11 damage)
             ... on level 2 of the Dungeon.
             The game lasted 00:06:15 (981 turns).

slep the Skirmisher (Demonspawn Abyssal Knight)      Turns: 981, Time: 00:06:16

Health: -2/29      AC:  6    Str: 17    XL:     3   Next: 46%
Magic:  5/5        EV: 11    Int: 13    God:    Lugonu [**....]
Gold:   82         SH:  0    Dex: 15    Spells: 2/2 levels left

rFire    . . .     SeeInvis .   a - +1 falchion
rCold    . . .     Gourm    .   (no shield)
rNeg     . . .     Faith    .   b - +0 leather armour
rPois    +         Spirit   .   h - +2 hat
rElec    .         Reflect  .   (no cloak)
rCorr    .         Harm     .   (no gloves)
MR       .....                  e - +0 pair of boots
Stlth    ++........             (no amulet)
Regen    0.1/turn               l - ring of poison resistance
MPRegen  0.1/turn               n - +5 ring of strength

@: no status effects
A: thin skeletal structure 1
a: Depart the Abyss, Bend Space, Renounce Religion


You were on level 2 of the Dungeon.
You worshipped Lugonu.
Lugonu was pleased with you.
You were not hungry.

You visited 1 branch of the dungeon, and saw 2 of its levels.
You visited the Abyss 1 time.

You collected 82 gold pieces.

Inventory:

Hand Weapons
 a - a +1 falchion (weapon)
Armour
 b - a +0 leather armour (worn)
 e - a +0 pair of boots (worn)
 h - a +2 hat (worn)
Jewellery
 l - a ring of poison resistance (left hand)
 n - a +5 ring of strength (right hand)
Scrolls
 g - a scroll of enchant armour {unknown}
 i - a scroll of fog {unknown}
 j - a scroll of remove curse {unknown}
 k - a scroll of immolation {unknown}
 o - a scroll of noise {unknown}
Potions
 m - 2 potions of mutation {unknown}
Comestibles
 c - 2 bread rations
 d - 2 royal jellies
 f - 6 chunks of flesh


   Skills:
 + Level 3.4 Fighting
 + Level 2.4 Long Blades
 + Level 2.2 Armour
 + Level 1.2 Dodging
 + Level 0.2 Stealth
 + Level 2.7 Invocations


You had 2 spell levels left.
You didn't know any spells.

Dungeon Overview and Level Annotations

Branches:
Dungeon (2/15)

Altars:


Innate Abilities, Weirdness & Mutations

You have a somewhat thin skeletal structure. (Dex +2, Stealth)


Message History

Found a scroll labeled IMPIURREYSK.
You see here a scroll labeled HOCURU ISUDEW.
o - a scroll labeled HOCURU ISUDEW You see here 12 gold pieces.
You now have 82 gold pieces (gained 12).
The worm bites you but does no damage.
You barely miss the worm. You hit the worm but do no damage.
The worm bites you but does no damage.
You hit the worm.
The worm is moderately wounded.
The worm barely misses you.
You hit the worm.
The worm is heavily wounded.
You hit the worm.
The worm is heavily wounded.
The worm bites you!
You hit the worm.
The worm is severely wounded.
The worm bites you!
You die...

.... .)# # # #.# .##
#.#######.### .$.
#.#.........# #...
#.#.........####..#
#..?..........#!.#
#..........#.#.#
#.@........#..%#
#.w........#..#####
...........###..##...
.....###....###..<#...
#..###.
....#.....#..... #.
#####..#..##....... #
#..............
.....##.......
...........รทรท.


You could see a worm.

Vanquished Creatures
  2 adders (D:2)
  A leopard gecko (D:1)
  5 bats
  2 goblins (D:1)
  A hobgoblin (D:1)
  6 jackals
  A ball python (D:1)
  3 frilled lizards (D:1)
  2 kobolds (D:1)
  4 rats
27 creatures vanquished.

Notes
Turn   | Place    | Note
-------+----------+-------------------------------------------
     0 | Abyss:1  | slep the Demonspawn Abyssal Knight began the quest for the Orb.
     0 | Abyss:1  | Reached XP level 1. HP: 18/18 MP: 2/2
   124 | Abyss:1  | Noticed a ynoxinul
   133 | Abyss:1  | Noticed a ynoxinul
   142 | D:1      | Escaped the Abyss
   235 | D:1      | Reached skill level 1 in Dodging
   414 | D:1      | Gained mutation: You have a somewhat thin skeletal structure. (Dex +2, Stealth) [demonic ancestry]
   414 | D:1      | Reached XP level 2. HP: 24/24 MP: 3/3
   927 | D:2      | Reached ** piety under Lugonu
   948 | D:2      | Reached XP level 3. HP: 17/29 MP: 5/5
   981 | D:2      | Slain by a worm

Skill      XL: |  1  2 |
---------------+-------+-----
Armour         | 2 |  2.2
Dodging        | 1 |  1.2
Long Blades    | 2 |  2.4
Fighting       | |  3.4
Stealth        | |  0.2
Invocations    | |  2.7

Action                   || total
-------------------------++-------
Melee: Falchion          ||    88
 Stab: Sleeping          ||     1
Armor: Leather armour    ||    48
Dodge: Dodged            ||    81
       Rpst.: Falchion   ||    22
